 Dungeon Crawl Stone Soup version 0.29-a0-103-g37f86683bf (webtiles) character file.

Game seed: 8047431982081493678

427 cyrus the Covered (level 7, 0/55 HPs)
             Began as a Formicid Fighter on Feb 15, 2022.
             Was a Follower of Sif Muna.
             Slain by a water moccasin (8 damage)
             ... on level 5 of the Dungeon.
             The game lasted 00:11:47 (6327 turns).

cyrus the Covered (Formicid Fighter)                Turns: 6327, Time: 00:11:48

Health: 0/55       AC:  8    Str: 21    XL:     7   Next: 18%
Magic:  6/7        EV: 10    Int:  9    God:    Sif Muna [*.....]
Gold:   284        SH:  0    Dex: 10    Spells: 3/6 levels left

rFire   . . .      SeeInvis +   a - +0 trident
rCold   . . .      Faith    .   o - orb {light}
rNeg    . . .      Spirit   .   b - +0 scale mail
rPois   .          Reflect  .   (helmet unavailable)
rElec   .          Harm     .   (no cloak)
rCorr   .          Rampage  .   (no gloves)
Will    .....                   h - +0 pair of boots
Stlth   ..........              (no amulet)
HPRegen 0.18/turn               (no ring)
MPRegen 0.10/turn               (no ring)

@: lethally poisoned (0 -> -2), glowing
A: permanent stasis, dig shafts and tunnels, antennae 3, four strong arms
a: Dig, Shaft Self, Renounce Religion, Channel Magic


You were on level 5 of the Dungeon.
You worshipped Sif Muna.
Sif Muna was aware of your devotion.
You visited 1 branch of the dungeon, and saw 6 of its levels.

You collected 284 gold pieces.

Inventory:

Hand Weapons
 a - a +0 trident (weapon)
Armour
 b - a +0 scale mail (worn)
 c - a +0 buckler
 h - a +0 pair of boots (worn)
 n - a +0 kite shield
 o - an orb of light (worn)
 w - a +0 robe
Jewellery
 d - a ring of ice
 p - a +6 ring of strength
 y - a ring of positive energy
Wands
 t - a wand of flame (8)
Scrolls
 e - 4 scrolls of identify {unknown}
 g - 2 scrolls of vulnerability {unknown}
 k - 3 scrolls of blinking {unknown}
 u - a scroll of holy word {unknown}
 v - a scroll of amnesia {unknown}
 x - a scroll of enchant weapon {unknown}
Potions
 f - 3 potions of haste {unknown}
 i - 3 potions of curing {unknown}
 j - 2 potions of invisibility {unknown}
 l - 2 potions of brilliance {unknown}
 m - a potion of magic {unknown}
 q - a potion of resistance {unknown}
 r - a potion of berserk rage {unknown}
 s - a potion of flight {unknown}


   Skills:
 + Level 4.6 Fighting
 + Level 4.6 Polearms
 + Level 4.9 Armour
 + Level 1.3 Dodging
 + Level 0.8 Stealth
 + Level 4.5 Shields


You had 3 spell levels left.
You knew the following spells:

 Your Spells              Type           Power      Damage    Failure   Level
a - Freeze                Ice            0%         1d3       71%         1
b - Ensorcelled Hibernat  Hex/Ice        0%         N/A       85%         2

Your spell library contained the following spells:

 Spells                   Type           Power      Damage    Failure   Level
 Passwall                 Tmut/Erth      0%         N/A       85%         2
 Frozen Ramparts          Ice            0%         1d2       97%         3
 Hailstorm                Conj/Ice       0%         3d3       100%        4
 Swiftness                Air            Unusable   N/A       N/A         3

Dungeon Overview and Level Annotations

Branches:
Dungeon (6/15)
 Temple: D:4-7

Altars:
Ashenzari
Dithmenos
Elyvilon
Okawaru
Sif Muna
Xom


Innate Abilities, Weirdness & Mutations

You cannot be hasted, slowed, berserked, paralysed or teleported.
You can dig through walls and to a lower floor.
You have a pair of large antennae on your head. (SInv)
Your four strong arms can wield two-handed weapons with a shield.


Message History

Nothing appears to happen.
The gnoll shouts!
You hear a shout!
The water moccasin bites you.
A phantom comes into view.
You closely miss the water moccasin.
The water moccasin is lightly wounded.
The water moccasin bites you!
You closely miss the water moccasin.
The water moccasin is lightly wounded.
The water moccasin bites you!
You are poisoned.
The water moccasin poisons you!
The water moccasin bites you but does no damage.
A gnoll comes into view. It is wielding a +0 halberd.
You feel very sick. The water moccasin bites you.
There is a stone staircase leading up here.
You can't go down here!
You feel very sick.
The water moccasin bites you but does no damage.
The water moccasin bites you.
* * * LOW HITPOINT WARNING * * *
You climb upwards.
You feel very sick.
There is a stone staircase leading down here.
You feel sick. The water moccasin bites you.
* * * LOW HITPOINT WARNING * * *
You closely miss the water moccasin.
The water moccasin is lightly wounded.
You feel sick. The water moccasin closely misses you.
The water moccasin bites you but does no damage.
Your magical contamination has completely faded away.
You barely miss the water moccasin.
The water moccasin is lightly wounded.
You feel sick.
The water moccasin bites you but does no damage.
You puncture the water moccasin!
The water moccasin is heavily wounded.
You feel sick. The water moccasin bites you!
You die...

# #.####.# ###.### # # #.####.#
#.# # ##### #...##.# ##'## #
....# #.#.##.# ##...## # .#..###
##.#.##.###.....## # ......#
#.......##.......## #
..#...######......>#.........####
................S..'.........'...
......######....@>##.........##.#
....#.# #.#.##.###.......###.#
.#.##.# #.####.# ##.....## #.#
#..##.# #.####.# ##...## #.#
......# #......# ##'## #..
##.#### ######.# #.# ### #.# #.#
#.# #### #.# #.######.## #... #.#
#....##...## #.##


You could see a water moccasin.

Vanquished Creatures
  A scorpion (D:4)
  A water moccasin skeleton (D:5)
  3 hounds
  2 iguanas
  2 orc wizards
  4 adders
  3 ufetubi (D:5)
  3 dart slugs
  7 orcs
  4 bats
  5 endoplasms
  A giant cockroach (D:1)
  6 goblins
  11 kobolds
  4 quokkas
  8 ball pythons
  4 frilled lizards
  8 rats (D:1)
77 creatures vanquished.

Notes
Turn   | Place    | Note
-------+----------+-------------------------------------------
     0 | D:1      | cyrus the Formicid Fighter began the quest for the Orb.
     0 | D:1      | Reached XP level 1. HP: 18/18 MP: 1/1
   454 | D:1      | Reached XP level 2. HP: 23/24 MP: 2/2
   729 | D:1      | Reached XP level 3. HP: 12/29 MP: 3/3
  1645 | D:2      | You fall into a shaft and drop 1 floor!
  1777 | D:3      | Found a faded altar of an unknown god.
  1777 | D:3      | Found a broken altar of Ashenzari.
  1778 | D:3      | Found a shadowy altar of Dithmenos.
  1860 | D:3      | Reached XP level 4. HP: 36/36 MP: 4/4
  2117 | D:3      | Reached XP level 5. HP: 24/42 MP: 5/5
  2986 | D:3      | Prayed at the altar of an unknown god.
  2986 | D:3      | Became a worshipper of Sif Muna the Loreminder
  2986 | D:3      | Reached * piety under Sif Muna
  3080 | D:3      | Learned a level 1 spell: Freeze
  3250 | D:4      | Reached XP level 6. HP: 33/48 MP: 6/6
  3980 | D:4      | Found an iron altar of Okawaru.
  3980 | D:4      | Found a shimmering altar of Xom.
  3986 | D:4      | Found a white marble altar of Elyvilon.
  3988 | D:4      | Found a faded altar of an unknown god.
  3990 | D:4      | Found a faded altar of an unknown god.
  4194 | D:5      | Entered Level 5 of the Dungeon
  5042 | D:5      | Learned a level 2 spell: Ensorcelled Hibernation
  5100 | D:5      | Reached XP level 7. HP: 46/55 MP: 7/7
  5218 | D:5      | Reached skill level 1 in Dodging
  6315 | D:6      | Noticed a water moccasin
  6327 | D:5      | Slain by a water moccasin

Illustrated notes

Levels and vault maps discovered:
D:1:      dpeg_arrival_ratfight, layout_rooms
D:2:      layout_loops_ring, uniq_sigmund, uniq_robin
D:3:      layout_basic, chequers_temple_overflow_statue_of_worship,
          nicolae_ecumenical_lake_church, chequers_serial_rivers_micro_c,
          item_on_display_a
D:4:      layout_gridville, chequers_temple_overflow_minitemple
D:5:      layout_loops_corners
D:6:      layout_cave_pools, nicolae_fountain_basement

Skill      XL: |  1  2  3  4  5  6  7 |
---------------+----------------------+-----
Shields        | 4 |  4.5
Polearms       | 3 4 |  4.6
Armour         | 4 |  4.9
Fighting       | 4 |  4.6
Dodging        | 1 |  1.3
Stealth        | |  0.8

Action                   |  1- 3 |  4- 6 |  7- 9 || total
-------------------------+-------+-------+-------++-------
Melee: Trident           |   149 |   105 |    24 ||   278
 Cast: Freeze            |       |     1 |       ||     1
       Ensorcelled Hiber |       |       |     1 ||     1
Evoke: Wand              |       |       |     1 ||     1
  Use: Potion            |       |     1 |       ||     1
Armor: Scale mail        |   104 |    38 |     4 ||   146
       Robe              |       |     4 |     6 ||    10
Dodge: Dodged            |    96 |    67 |    14 ||   177
Block: Buckler           |    31 |       |       ||    31
       Kite shield       |     1 |       |       ||     1

Table legend: (Time is in decaauts)
 A = Elapsed time spent in this place.
 B = Non-inter-level travel time spent in this place.
 C = Inter-level travel time spent in this place.
 D = Time resting spent in this place.
 E = Time spent auto-exploring this place.
 F = Levels seen in this place.
 G = Mean time per level.
                   A        B        C        D        E       F      G
               +--------+--------+--------+--------+--------+-----+--------+
         Total |   6375 |   6214 |    161 |   2587 |   2653 |   6 | 1062.5 |
       Dungeon |   6375 |   6214 |    161 |   2587 |   2653 |   6 | 1062.5 |
               +--------+--------+--------+--------+--------+-----+--------+

Top non-repeatable levels by time:
     D:5: 2130 daAuts
     D:1: 1492 daAuts
     D:3: 1463 daAuts
     D:4: 1098 daAuts
     D:2: 183 daAuts
     D:6: 8 daAuts
